 Dungeon Crawl Stone Soup version 0.26-b1-45-g23770d1d51 (webtiles) character file.

Game seed: 9715353468413335959

126 Mattiprrivan the Covered (level 5, -1/42 HPs)
             Began as a Barachi Abyssal Knight on Jan 6, 2021.
             Was a Believer of Lugonu.
             Succumbed to Sigmund's poison
             ... on level 2 of the Dungeon.
             The game lasted 00:19:50 (1556 turns).

Mattiprrivan the Covered (Barachi Abyssal Knight)   Turns: 1556, Time: 00:19:50

Health: -1/42      AC:  6    Str: 14    XL:     5   Next: 10%
Magic:  16/16      EV: 12    Int: 12    God:    Lugonu [**....]
Gold:   69         SH:  0    Dex: 12    Spells: 4/4 levels left

rFire    . . .     SeeInvis .   a - +1 hand axe
rCold    . . .     Faith    .   (no shield)
rNeg     . . .     Spirit   .   f - +0 ring mail
rPois    .         Reflect  .   (no helmet)
rElec    .         Harm     .   (no cloak)
rCorr    .         Rampage  .   (no gloves)
Will     .....                  (no boots)
Stlth    ..........             (no amulet)
HPRegen  0.14/turn              e - ring of magical power
MPRegen  0.15/turn              (no ring)

@: confused, lethally poisoned (-1 -> -23), slow
A: +LOS, swims, slowness 1, strong legs 1
a: Hop, Renounce Religion, Depart the Abyss, Bend Space


You were on level 2 of the Dungeon.
You worshipped Lugonu.
Lugonu was pleased with you.
You visited 1 branch of the dungeon, and saw 2 of its levels.
You visited the Abyss 1 time.

You collected 69 gold pieces.

Inventory:

Hand Weapons
 a - a +1 hand axe (weapon)
Armour
 f - a +0 ring mail (worn)
Jewellery
 e - a ring of magical power (left hand)
Scrolls
 c - a scroll of magic mapping
 d - a scroll of fear


   Skills:
 * Level 4.1 Fighting
 * Level 4.4(5.7) Axes
 * Level 3.9(4.9) Maces & Flails
 * Level 3.3(4.3) Polearms
 * Level 2.0 Throwing
 * Level 4.9 Armour
 * Level 3.9 Dodging
 * Level 3.3 Stealth
 * Level 2.9 Shields
 * Level 3.5 Invocations
 * Level 3.5 Evocations


You had 4 spell levels left.
You didn't know any spells.
Your spell library was empty.

Dungeon Overview and Level Annotations

Branches:
Dungeon (2/15)

Altars:

Annotations:
D:2 Sigmund


Innate Abilities, Weirdness & Mutations

You can be seen from farther away. (+LOS)
You can swim through water.
You cover ground slowly.
You can hop short distances.


Message History

You feel sick.
A magic dart appears from out of thin air!
The magic dart hits you.
* * * LOW HITPOINT WARNING * * *
You feel sick. Something hits you but does no damage.
You are lethally poisoned!
* * * LOW HITPOINT WARNING * * *
You feel sick.
You feel less confused.
* * * LOW HITPOINT WARNING * * *
You feel sick.
You hear some strange, mumbled words.
You are confused.
Something hits you.
* * * LOW HITPOINT WARNING * * *
You are more poisoned.
* * * LOW HITPOINT WARNING * * *
You feel very sick.
You bump into the rock wall.
You die...

####.#**#......# #.#
#......# #.#
#......# #.#
#......# #.#
#......# #†#
#......# ####.#
*,.....# †....#
**###.>##### ######
#.....@..# ....#
#...{....# ....#
#.)......# ....#
#........#
....#######........#
..........'........#
....#######........#
....# #........#
##### #........#


There were no monsters in sight!

Vanquished Creatures
  A gnoll (D:1)
  An adder (D:2)
  An ooze (D:2)
  3 dart slugs
  2 leopard geckos
  3 giant cockroaches (D:2)
  9 goblins
  7 hobgoblins
  8 kobolds
  A quokka (D:2)
  A ball python (D:1)
  8 bats
  3 frilled lizards
  7 rats
55 creatures vanquished.

Vanquished Creatures (others)
  A plant (D:1)
1 creature vanquished.

Grand Total: 56 creatures vanquished

Notes
Turn   | Place    | Note
-------+----------+-------------------------------------------
     0 | Abyss:1  | Mattiprrivan the Barachi Abyssal Knight began the quest for
                  | the Orb.
     0 | Abyss:1  | Reached XP level 1. HP: 18/18 MP: 2/2
    16 | D:1      | Escaped the Abyss
    49 | D:1      | Reached XP level 2. HP: 25/25 MP: 3/3
   268 | D:1      | Reached XP level 3. HP: 29/30 MP: 4/4
   442 | D:1      | Reached XP level 4. HP: 37/37 MP: 4/6
   568 | D:1      | Reached ** piety under Lugonu
  1475 | D:2      | Reached XP level 5. HP: 42/42 MP: 7/7
  1510 | D:2      | Noticed Sigmund
  1555 | D:2      | HP: 1/42 [poisoned by Sigmund]
  1556 | D:2      | Succumbed to Sigmund's poison

Illustrated notes

Levels and vault maps discovered:
D:1:      nzn_arrival_water_spiral, layout_rooms, serial_bayou_pond_b,
          minmay_misc_feat_diagonals
D:2:      layout_basic, minmay_split_cup_large, uniq_sigmund

Skill      XL: |  1  2  3 |
---------------+----------+-----
Fighting       | 4 |  4.1
Axes           | 4 |  4.4
Maces & Flails | 3 |  3.9
Polearms       | 3 |  3.3
Throwing       | 2 |  2.0
Armour         | 4 |  4.9
Dodging        | 3 |  3.9
Stealth        | 3 |  3.3
Shields        | 2 |  2.9
Invocations    | 3 |  3.5
Evocations     | 3 |  3.5

Action                   |  1- 3 |  4- 6 || total
-------------------------+-------+-------++-------
Melee: Hand axe          |    60 |   120 ||   180
  Use: Scroll            |     2 |     4 ||     6
       Potion            |     1 |     3 ||     4
 Stab: Sleeping          |       |     2 ||     2
Armor: Leather armour    |    22 |     8 ||    30
       Ring mail         |       |    22 ||    22
Dodge: Dodged            |    43 |    72 ||   115
